 Dungeon Crawl Stone Soup version 0.28-a0-1638-g9123634e07 (webtiles) character file.

Game seed: 4506038126870712816

4 lonewolfV2 the Shield-Bearer (level 1, -1/11 HPs)
             Began as a Vine Stalker Fighter on Jan 25, 2022.
             Slain by a hobgoblin (2 damage)
             ... on level 1 of the Dungeon.
             The game lasted 00:00:23 (217 turns).

lonewolfV2 the Shield-Bearer (Vine Stalker Fighter)  Turns: 217, Time: 00:00:23

Health: -1/11      AC:  6    Str: 18    XL:     1   Next: 60%
Magic:  0/2        EV:  9    Int:  8    God:
Gold:   24         SH:  4    Dex: 13    Spells: 0/0 levels left

rFire   . . .      SeeInvis .   a - +0 war axe
rCold   . . .      Faith    .   c - +0 buckler
rNeg    . . .      Spirit   +   b - +0 scale mail
rPois   .          Reflect  .   (no helmet)
rElec   .          Harm     .   (no cloak)
rCorr   +          Rampage  .   (no gloves)
Will    .....                   (no boots)
Stlth   ..........              (no amulet)
HPRegen 0.03/turn               f - ring of resist corrosion
MPRegen 0.08/turn               (no ring)

@: no status effects
A: fangs 2, magic shield, antimagic bite, no potion heal 2
a: no special abilities


You were on level 1 of the Dungeon.
You visited 1 branch of the dungeon, and saw 1 of its levels.

You collected 24 gold pieces.

Inventory:

Hand Weapons
 a - a +0 war axe (weapon)
Armour
 b - a +0 scale mail (worn)
 c - a +0 buckler (worn)
Jewellery
 f - a ring of resist corrosion (left hand)
Scrolls
 g - a scroll of teleportation {unknown}
Potions
 d - a potion of might
 e - a potion of attraction


   Skills:
 + Level 2.7 Fighting
 + Level 1.8 Axes
 + Level 2.4 Armour
 + Level 2.8 Shields


You couldn't memorise any spells.
You didn't know any spells.
Your spell library was empty.

Dungeon Overview and Level Annotations

Branches:
Dungeon (1/15)

Altars:


Innate Abilities, Weirdness & Mutations

You have extremely sharp teeth.
When hurt, damage is shared between your health and your magic reserves.
Your bite disrupts and absorbs the magic of your enemies.
Potions cannot restore your health.


Message History

A bat is nearby!
The bat barely misses you. The bat closely misses you.
The bat hits you but does no damage.
You see here 26 stones.
You block the bat's attack.
You barely miss the bat. You bite the bat.
You kill the bat!
Found a stone staircase leading down.
g - a scroll labelled ZUTUIZXIMOD A frilled lizard comes into view.
Found 12 gold pieces.
The frilled lizard hisses angrily.
The frilled lizard moves out of view.
A frilled lizard and a hobgoblin come into view.
The hobgoblin shouts!
The hobgoblin moves out of view.
A frilled lizard is nearby!
A frilled lizard is nearby!
The frilled lizard barely misses you.
The frilled lizard bites you but does no damage.
You barely miss the frilled lizard. You closely miss the hobgoblin.
The frilled lizard bites you but does no damage.
The hobgoblin hits you. You block the frilled lizard's attack.
You block the hobgoblin's attack.
You closely miss the frilled lizard. You barely miss the hobgoblin.
The frilled lizard barely misses you.
The hobgoblin hits you but does no damage.
You closely miss the frilled lizard. You bite the frilled lizard.
You kill the frilled lizard!
You hit the hobgoblin but do no damage. The hobgoblin barely misses you.
The hobgoblin hits you. The hobgoblin closely misses you.
The hobgoblin hits you.
You barely miss the hobgoblin.
You bite the hobgoblin, but do no damage.
The hobgoblin hits you.
* * * LOW HITPOINT WARNING * * *
The hobgoblin hits you.
You die...

....... ........#
........# ##..^...#
.#......$######
..............#
..............#
........g@....#
..............#
.#......#######
#...##......# ..
##..##......# ...
#####..##......# ...
#...#.>........# ..#
#...#..........#
..####...#..........#


You could see a hobgoblin.

Vanquished Creatures
  An endoplasm (D:1)
  A bat (D:1)
  A frilled lizard (D:1)
  2 rats (D:1)
5 creatures vanquished.

Notes
Turn   | Place    | Note
-------+----------+-------------------------------------------
     0 | D:1      | lonewolfV2 the Vine Stalker Fighter began the quest for the
                  | Orb.
     0 | D:1      | Reached XP level 1. HP: 11/11 MP: 2/2
   217 | D:1      | Slain by a hobgoblin

Illustrated notes

Levels and vault maps discovered:
D:1:      heliophobic_arrival_dark_side_of_the_moon, layout_basic

Action                   || total
-------------------------++-------
Melee: War axe           ||    10
       Bite              ||     4
  Use: Scroll            ||     2
Armor: Scale mail        ||     5
Dodge: Dodged            ||     8
Block: Buckler           ||     4

Table legend: (Time is in decaauts)
 A = Elapsed time spent in this place.
 B = Non-inter-level travel time spent in this place.
 C = Inter-level travel time spent in this place.
 D = Time resting spent in this place.
 E = Time spent auto-exploring this place.
 F = Levels seen in this place.
 G = Mean time per level.
                   A        B        C        D        E       F      G
               +--------+--------+--------+--------+--------+-----+--------+
         Total |    220 |    220 |      0 |      0 |    154 |   1 |  220.0 |
       Dungeon |    220 |    220 |      0 |      0 |    154 |   1 |  220.0 |
               +--------+--------+--------+--------+--------+-----+--------+

Top non-repeatable levels by time:
     D:1: 220 daAuts
